Map: Ice and Chrome LE

Players

Neeb - Winner!

  • Race: Protoss Protoss
  • Spawn Location: 1:00

DisK

  • Race: Protoss Protoss
  • League: Master
  • Spawn Location: 7:00

Event: DreamHack SC2 Masters 2020 Summer North America

VOD

Have the link to the VOD?

Description

Time

  • Played on: July 4, 2020, 4:06 p.m.
  • Length: 17:02

All games in this series

Show
View Real Time Build Order
Export as new Build Order

Neeb Protoss - Winner!

Build Orders: Zealot Archon 

Get SALT Encoding   

  12  0:00  Probe  
  13  0:12  Probe  
  14  0:17  Pylon  
  14  0:23  Probe  
  15  0:32  Probe  
  15  0:36  Gateway  
  15  0:40  Probe  
  16  0:45  Assimilator  
  17  0:51  Probe  
  17  0:54  Assimilator  
  18  0:59  Probe  
  19  1:07  Probe  
  19  1:08  Gateway  
  19  1:17  Probe  
  20  1:23  Cybernetics Core  
  21  1:29  Probe  
  22  1:35  Pylon  
  22  1:41  Probe  
  23  1:50  Warp Gate  
  23  1:59  Adept x2  
  27  2:08  Pylon  
  27  2:10  Probe  
  32  2:30  Sentry x2  
  32  2:44  Nexus, Probe  
  32  2:48  Pylon  
  33  2:57  Probe  
  34  3:01  Stalker  
  34  3:03  Sentry  
  38  3:09  Probe, Pylon  
  39  3:20  Shield Battery  
  39  3:26  Robotics Facility  
  39  3:28  Probe  
  40  3:40  Probe  
  41  3:43  Stalker  
  41  3:47  Stalker  
  45  3:52  Probe  
  45  3:53  Probe  
  46  4:01  Probe  
  47  4:04  Probe  
  47  4:08  Forge  
  49  4:11  Probe  
  49  4:14  Observer  
  49  4:16  Probe  
  52  4:19  Probe  
  52  4:23  Twilight Council  
  53  4:27  Probe  
  53  4:28  Probe  
  55  4:33  Assimilator  
  55  4:37  Immortal  
  55  4:39  Probe  
  55  4:43  Probe  
  61  4:45  Protoss Ground Weapons Level 1  
  61  4:51  Probe  
  62  4:55  Assimilator, Probe  
  63  5:03  Probe  
  63  5:04  Charge  
  63  5:06  Pylon  
  64  5:07  Immortal, Probe  
  65  5:15  Probe  
  70  5:22  Observer, Pylon  
  70  5:28  Probe  
  71  5:40  Nexus  
  71  5:43  Immortal, Pylon  
  75  5:58  Probe  
  75  5:59  Observer  
  75  6:07  Probe  
  72  6:12  Probe  
  72  6:15  Templar Archives  
  72  6:17  Gateway  
  73  6:19  Gateway, Probe  
  73  6:24  Zealot x2, Probe  
  73  6:25  Observer  
  79  6:27  Gateway  
  79  6:30  Gateway  
  79  6:33  Gateway  
  79  6:36  Pylon  
  79  6:40  Probe  
  79  6:43  Gateway, Probe  
  79  6:45  Observer, Protoss Ground Weapons Level 2  
  82  6:51  High Templar x2  
  82  6:53  Probe  
  87  6:55  Archon  
  87  6:56  Probe  
  87  6:57  Probe  
  87  6:59  Shield Battery  
  89  7:03  Observer, Pylon  
  89  7:05  Probe x3  
  89  7:06  Warp Prism  
  93  7:13  Probe x2  
  92  7:17  High Templar x2  
  92  7:18  Probe  
  97  7:23  Archon  
  97  7:24  Assimilator  
  97  7:26  Probe x2  
  97  7:27  Assimilator  
  99  7:30  Probe  
  100  7:38  Pylon  
  100  7:39  Pylon  
  100  7:40  Zealot x3  
  106  7:44  Zealot  
  106  7:45  Zealot  
  110  7:51  Photon Cannon  
  110  7:54  Photon Cannon  
  110  7:57  Photon Cannon  
  110  8:00  High Templar x2  
  110  8:01  High Templar x2  
  110  8:02  Zealot  
  110  8:04  Archon  
  110  8:05  Archon  
  120  8:07  Pylon  
  120  8:08  Pylon  
  120  8:14  Zealot  
  120  8:16  Dark Shrine  
  122  8:21  High Templar  
  122  8:26  Zealot, High Templar, Pylon  
  122  8:27  Pylon  
  128  8:29  Pylon  
  128  8:30  Archon  
  128  8:35  Zealot x4  
  128  8:38  Zealot  
  138  8:50  Nexus  
  138  8:52  Nexus  
  138  8:53  Pylon  
  138  8:54  Protoss Ground Weapons Level 3  
  138  8:56  High Templar x4  
  138  9:00  Archon  
  138  9:01  Archon, Zealot x2  
  150  9:04  Zealot  
  150  9:05  Zealot  
  154  9:15  Photon Cannon  
  154  9:25  Probe x2  
  154  9:26  Probe  
  157  9:37  Probe x2  
  160  9:38  Probe  
  160  9:44  Stargate, Zealot x2  
  164  9:46  Stargate  
  164  9:47  Assimilator  
  164  9:48  Zealot x2  
  164  9:49  Probe x2  
  164  9:52  Assimilator  
  171  9:54  Zealot  
  171  10:03  Zealot x3  
  171  10:04  Probe  
  171  10:05  Probe x2  
  175  10:07  Probe  
  176  10:16  Photon Cannon, Probe  
  176  10:17  Photon Cannon  
  176  10:18  Probe x2  
  179  10:23  Probe  
  179  10:27  High Templar x3  
  179  10:28  Phoenix, High Templar  
  186  10:30  Phoenix, Pylon  
  186  10:31  Archon, Pylon  
  186  10:34  Archon  
  188  10:44  Phoenix  
  188  10:47  Phoenix  
  188  10:56  Protoss Air Weapons Level 1  
  192  11:03  Fleet Beacon  
  192  11:05  Phoenix  
  194  11:17  High Templar x4  
  194  11:18  Dark Templar  
  200  11:21  Archon  
  200  11:22  Archon  
  200  11:28  Photon Cannon x2  
  200  11:29  Photon Cannon  
  200  11:31  Nexus  
  200  11:32  Pylon  
  200  11:49  Dark Templar  
  199  11:56  Zealot x2  
  199  12:00  Phoenix  
  187  12:04  Phoenix  
  187  12:05  Anion Pulse-Crystals  
  187  12:06  Protoss Shields Level 1  
  173  12:11  Probe  
  173  12:12  Probe x2  
  173  12:13  Photon Cannon  
  173  12:14  Shadow Stride  
  173  12:17  Phoenix  
  174  12:24  Probe x2  
  174  12:25  Probe, Stargate  
  174  12:28  Phoenix  
  180  12:30  Photon Cannon  
  180  12:33  Photon Cannon  
  178  12:37  Assimilator  
  178  12:41  Assimilator  
  178  12:43  Phoenix  
  180  12:54  Carrier  
  186  12:59  Gateway, Protoss Air Weapons Level 2  
  186  13:03  Gateway  
  186  13:06  Gateway  
  186  13:08  Gateway, Phoenix  
  186  13:31  Dark Templar x7  
  200  13:36  Shield Battery  
  200  13:37  Shield Battery  
  200  13:39  Shield Battery  
  196  13:42  Shield Battery  
  196  13:47  Pylon  
  196  13:48  Photon Cannon  
  196  13:50  Photon Cannon  
  196  13:52  Pylon  
  176  14:10  Carrier  
  176  14:12  Zealot x5  
  176  14:14  Carrier  
  186  14:20  Dark Templar x4  
  186  14:21  Zealot x3  
  168  14:32  Zealot  
  168  14:37  Dark Templar x4  
  141  14:52  Carrier  
  133  14:56  Probe x2  
  133  15:00  Zealot x8  
  133  15:04  Archon x4  
  155  15:11  Phoenix x2  
  155  15:13  Shield Battery  
  155  15:14  Shield Battery  
  155  15:16  Pylon  
  159  15:26  Dark Templar x2  
  159  15:27  Dark Templar x2  
  167  15:31  Dark Templar  
  167  15:33  Dark Templar  
  171  15:49  Dark Templar x5  
  175  16:01  Phoenix  
  177  16:04  Phoenix  
  177  16:17  Zealot  
  177  16:18  Zealot x4  
  185  16:26  Zealot x3  
  167  16:39  Zealot x4  
Show
View Real Time Build Order
Export as new Build Order

DisK Protoss 

Build Orders: Phoenix Opening, Blink Stalkers, Zealot Archon 

Get SALT Encoding   

  12  0:00  Probe  
  13  0:12  Probe  
  14  0:17  Pylon  
  14  0:24  Probe  
  15  0:33  Probe  
  15  0:35  Gateway  
  15  0:41  Probe  
  16  0:46  Assimilator  
  17  0:51  Probe  
  17  0:54  Assimilator  
  18  0:59  Probe  
  19  1:07  Probe  
  19  1:10  Gateway  
  19  1:18  Probe  
  20  1:23  Cybernetics Core  
  21  1:30  Probe  
  22  1:34  Pylon  
  22  1:42  Probe  
  24  1:54  Probe  
  24  2:00  Stalker x2, Warp Gate  
  28  2:06  Probe  
  29  2:10  Pylon  
  29  2:19  Probe  
  30  2:29  Stalker  
  30  2:30  Stalker  
  34  2:38  Probe  
  34  2:42  Pylon  
  35  2:52  Shield Battery  
  35  2:55  Shield Battery  
  35  3:05  Shield Battery  
  35  3:18  Nexus  
  35  3:23  Probe  
  35  3:25  Sentry x2  
  39  3:29  Shield Battery  
  39  3:31  Probe  
  39  3:40  Twilight Council  
  40  3:42  Probe  
  41  3:54  Probe  
  42  3:58  Forge, Phoenix  
  42  3:59  Blink  
  42  4:06  Probe  
  43  4:10  Pylon  
  43  4:11  Stalker  
  45  4:22  Probe  
  46  4:26  Probe  
  47  4:33  Protoss Ground Weapons Level 1  
  47  4:34  Probe x2  
  48  4:43  Probe  
  49  4:46  Probe  
  49  4:51  Probe  
  51  4:59  Probe x2  
  53  5:00  Gateway  
  54  5:11  Probe  
  54  5:12  Nexus  
  55  5:15  Probe  
  55  5:19  Stalker  
  58  5:23  Probe  
  58  5:24  Stalker  
  58  5:27  Probe  
  62  5:34  Assimilator  
  62  5:35  Probe  
  63  5:42  Gateway  
  63  5:43  Gateway  
  63  5:46  Gateway  
  63  5:49  Stalker  
  65  5:51  Pylon  
  65  5:56  Stalker  
  65  6:07  Probe  
  65  6:11  Probe  
  65  6:13  Protoss Ground Weapons Level 2  
  65  6:15  Templar Archives  
  65  6:16  Gateway  
  65  6:17  Assimilator, Probe  
  66  6:18  Gateway  
  66  6:20  Charge  
  66  6:24  Probe  
  67  6:26  Probe, Robotics Facility  
  67  6:29  Probe  
  70  6:42  Zealot x4  
  70  6:44  Probe  
  79  6:48  Probe x2  
  81  6:58  Pylon  
  79  7:04  Pylon, Probe x3  
  79  7:07  High Templar x2  
  84  7:11  Disruptor, Archon  
  84  7:12  Zealot x2  
  86  7:17  Observer  
  86  7:20  Zealot x3  
  94  7:22  Probe  
  94  7:23  Phoenix  
  94  7:24  Probe  
  94  7:28  Shield Battery  
  94  7:29  Probe  
  96  7:34  High Templar x2  
  96  7:36  Zealot  
  102  7:43  Archon, Zealot  
  102  7:44  Zealot x3  
  108  7:45  Probe  
  109  7:52  Probe  
  109  7:54  Probe  
  109  7:55  Pylon x2  
  109  7:57  Pylon  
  109  8:04  Assimilator  
  109  8:09  Assimilator  
  109  8:11  Phoenix  
  109  8:15  Zealot x6  
  121  8:22  High Templar x2  
  121  8:25  Gateway x2  
  125  8:27  Probe x2  
  125  8:31  Probe  
  125  8:32  Archon  
  128  8:39  Probe  
  128  8:40  Protoss Ground Weapons Level 3  
  129  8:46  Stalker  
  131  8:50  Probe x2  
  131  8:51  Photon Cannon, Probe  
  131  8:52  Photon Cannon  
  131  8:53  Robotics Bay  
  133  8:56  Photon Cannon  
  133  9:01  Pylon  
  133  9:02  Pylon  
  133  9:04  Pylon  
  133  9:14  Pylon  
  133  9:17  Warp Prism  
  133  9:18  Pylon  
  133  9:21  High Templar x3  
  133  9:22  High Templar, Zealot x2  
  145  9:30  Archon  
  145  9:31  Archon  
  147  9:44  Robotics Facility  
  146  9:46  Zealot  
  146  9:47  Zealot x5  
  158  10:02  High Templar  
  158  10:03  High Templar x2  
  158  10:04  High Templar  
  158  10:05  Disruptor  
  169  10:10  Photon Cannon  
  169  10:11  Archon x2  
  169  10:12  Zealot x5  
  171  10:21  Zealot  
  173  10:24  Pylon  
  173  10:30  Nexus  
  173  10:32  Disruptor  
  173  10:35  Disruptor  
  173  10:38  Pylon  
  179  10:51  Zealot  
  177  10:58  Zealot x3  
  177  11:03  Zealot  
  185  11:04  Zealot x2  
  187  11:17  High Templar  
  189  11:20  Archon x2  
  189  11:23  Pylon  
  189  11:25  Pylon  
  189  11:38  Pylon  
  189  11:41  Disruptor x2  
  189  11:42  High Templar x2  
  199  11:52  Zealot  
  200  11:57  Probe x3  
  200  11:59  High Templar x2  
  195  12:01  Zealot  
  195  12:02  Zealot  
  195  12:06  Probe  
  191  12:09  Probe x3  
  191  12:12  Photon Cannon  
  191  12:14  Shield Battery x2  
  186  12:20  Archon  
  186  12:24  High Templar x2  
  186  12:25  High Templar x4  
  186  12:26  Zealot  
  186  12:29  Archon x3  
  200  12:33  Assimilator  
  200  12:34  Photon Cannon, Assimilator  
  200  12:44  Archon  
  200  12:49  High Templar x2  
  200  12:56  Shield Battery  
  200  12:58  Protoss Shields Level 1  
  200  13:00  Pylon  
  200  13:01  Warp Prism  
  196  13:05  Observer  
  196  13:07  Photon Cannon  
  199  13:24  Dark Shrine  
  195  13:28  Probe x4  
  195  13:30  Photon Cannon  
  191  13:43  Probe x2  
  191  13:44  Probe x2  
  193  13:59  Zealot x3  
  185  14:16  Archon  
  160  14:18  Zealot x7  
  160  14:19  Zealot x2  
  124  14:37  Probe x4  
  110  14:43  Gravitic Boosters  
  110  14:44  Observer  
  99  14:49  Zealot x7  
  99  14:50  Zealot x3  
  110  14:53  Probe  
  110  14:54  Probe x3  
  114  15:02  Probe  
  114  15:06  Pylon  
  115  15:08  Disruptor x2  
  115  15:10  High Templar x7, Probe x3  
  115  15:11  High Templar x3, Probe  
  145  15:14  Archon x4  
  145  15:15  Archon  
  145  15:22  Probe  
  145  15:26  Probe x3  
  149  15:34  Probe  
  150  15:44  Disruptor x2  
  150  15:48  Zealot x9  
  172  15:56  Probe  
  172  15:57  Probe x3  
  172  16:02  Photon Cannon  
  172  16:04  Dark Templar  
  174  16:17  High Templar x6  
  186  16:25  Archon x2  
  182  16:26  Archon  
  182  16:32  Zealot x3  
  135  16:38  Observer  
  94  16:44  Stalker  
  84  16:52  Zealot x4  
  84  16:53  Zealot x5  
Tags
 
Add a new tag
Caveats
  • Supply blocks, unpowered buildings, or Contaminate may cause inaccurate times.
  • Supply counts are checked every 10 seconds.